Cogmind - Beta 16.1 *** ADVENTURER MODE // 2026.02.14 @ 14:07:33 Player: Mbreton Result: Destroyed by Y-54 Guardian with Flak Gun Performance ------------- Evolutions (3) 1500 Regions Visited (12) 2400 Robots Destroyed (103) 515 Value Destroyed (4651) 4651 Prototype IDs (3) 60 Alien Tech Used (0) 0 Bonus (3681) 3681 TOTAL SCORE: 12807 Bonus ------- High Alert Combat Kills 416 Follower Combat Kills 165 Entered Garrisons 800 Used RIF Installer 2000 Aligned with FarCom 300 Cogmind --------- Core Integrity 0/700 Matter 182/300 Energy 7/125 System Corruption 9% Temperature Cool (18) Movement Core (450) Ox8 Location -7/Garrison Parts ------- > --- POWER (1) -------- Light Ion Engine > --- PROPULSION (3) --- (None) > --- UTILITY (7) ------ Improved Heat Sink Large Storage Unit Improved Melee Analysis Suite Improved Light Armor Plating Relay Coupler [Duelist] (32) > --- WEAPON (2) ------- (None) > --- INVENTORY (15) --- Light Treads Layered Light Armor Plating Authchip [R/Combat] Relay Coupler [NC] (39) Relay Coupler [NC] (40) Relay Coupler [Sentry] (40) Relay Coupler [Specialist] (28) Relay Coupler [Hunter] (28) Relay Coupler [Heavy] (24) Heavy Laser Proton Cannon Heavy Missile Launcher Remote Datajack Peak State ------------ > --- POWER ------------ Micro Fission Core > --- PROPULSION ------- Light Treads Light Treads Light Treads > --- UTILITY ---------- Large Storage Unit Improved Melee Analysis Suite Layered Light Armor Plating Relay Coupler [Swarmer] Relay Coupler [Grunt] Relay Coupler [Duelist] Relay Coupler [Sentry] > --- WEAPON ----------- Plasma Cannon Longsword +1 > --- INVENTORY -------- Light Ion Engine Improved Heat Sink Medium Storage Unit Improved Light Armor Plating Layered Light Armor Plating Layered Light Armor Plating Relay Coupler [NC] Relay Coupler [NC] Relay Coupler [NC] Relay Coupler [Grunt] Relay Coupler [Hunter] Relay Coupler [Heavy] Lightning Gun Flak Gun Improved Datajack [Rating: 47] Favorites ----------- Power Improved Deuterium Engine Engine Improved Deuterium Engine Power Core Micro Fission Core Propulsion Light Treads Treads Light Treads Leg Aluminum Leg Utility Relay Coupler [Swarmer] Device Advanced ECM Suite Storage Large Storage Unit Processor Improved Melee Analysis Suite Hackware Relay Coupler [Swarmer] Protection Layered Light Armor Plating Weapon Longsword +1 Energy Gun Beam Rifle Energy Cannon Plasma Cannon Ballistic Gun Light Assault Rifle Launcher Grenade Launcher Special Weapon Remote Datajack Slashing Weapon Longsword +1 Special Melee Weapon Improved Datajack Build | -11 -10 -10 -10 -9 -8 -8 -8 -8 -7 -7 -7 -7 ------- Run | Yrd Mat Min Exi Min Mat Gar Mat Gar Fac Gar Fac Gar Slots Evolved 6 | . . . . . 4 . . . 2 . . . Power . | . . . . . . . . . . . . . Propulsion 1 | . . . . . 1 . . . . . . . Utility 5 | . . . . . 3 . . . 2 . . . Weapon . | . . . . . . . . . . . . . Parts Attached 81 | 4 3 . 3 . 8 6 1 10 9 16 4 17 Power 9 | 1 . . . . 1 2 . 1 1 2 . 1 Engine 7 | 1 . . . . 1 2 . 1 1 1 . . Core 2 | . . . . . . . . . . 1 . 1 Reactor . | . . . . . . . . . . . . . Propulsion 21 | 2 . . . . 3 2 . . 3 5 . 6 Treads 14 | . . . . . . . . . 3 5 . 6 Leg 7 | 2 . . . . 3 2 . . . . . . Wheel . | . . . . . . . . . . . . . Hover . | . . . . . . . . . . . . . Flight . | . . . . . . . . . . . . . Utility 30 | 1 1 . . . 3 1 1 6 3 6 4 4 Device 3 | . . . . . . . 1 . . . 1 1 Storage 3 | 1 1 . . . . . . . . 1 . . Processor 5 | . . . . . 3 . . . 1 . 1 . Hackware 9 | . . . . . . . . 4 . 3 1 1 Protection 10 | . . . . . . 1 . 2 2 2 1 2 Artifact . | . . . . . . . . . . . . . Weapon 21 | . 2 . 3 . 1 1 . 3 2 3 . 6 Energy Gun 6 | . . . 1 . 1 1 . . 1 . . 2 Energy Cannon 4 | . . . 1 . . . . . . 1 . 2 Ballistic Gun 4 | . 1 . . . . . . 1 1 1 . . Ballistic Cannon . | . . . . . . . . . . . . . Launcher 2 | . 1 . . . . . . . . . . 1 Special Weapon 3 | . . . . . . . . 2 . . . 1 Impact Weapon . | . . . . . . . . . . . . . Slashing Weapon 1 | . . . 1 . . . . . . . . . Piercing Weapon . | . . . . . . . . . . . . . Special Melee Weapon 1 | . . . . . . . . . . 1 . . Unidentified Prototypes 3 | . . . 3 . . . . . . . . . Parts Lost 35 | . . . . . . 4 . 1 6 8 2 14 Power 5 | . . . . . . 1 . 1 . 1 . 2 Propulsion 11 | . . . . . . . . . 3 4 . 4 Utility 8 | . . . . . . 1 . . . 1 2 4 Weapon 11 | . . . . . . 2 . . 3 2 . 4 Highest Loss Streak 8 | . . . . . . 2 . 1 6 6 1 8 To Critical Strikes . | . . . . . . . . . . . . . Average Backups 10 | . 1 3 5 7 5 6 8 9 9 13 14 14 Power . | . . . . . . . 1 1 1 1 1 1 Propulsion . | . . 1 1 1 . 1 2 . . . . . Utility 6 | . . 1 1 1 1 2 2 4 7 9 10 8 Weapon 2 | . . 1 3 5 3 2 3 2 1 2 3 3 Tool/Special . | . . . . . . . . . . . . . Unused Backups 12 | . . . . . . . . 1 1 2 1 7 Power . | . . . . . . . . . . . . . Propulsion . | . . . . . . . . . . . . . Utility 11 | . . . . . . . . . 1 2 1 7 Weapon 1 | . . . . . . . . 1 . . . . Tool/Special . | . . . . . . . . . . . . . Average Slot Usage (%) 90 | . 76 85 72 57 66 88 97 91 92 96 96 97 Engine 6 | . 14 14 14 14 9 8 9 7 3 2 7 6 Treads 12 | . . . . . . . . . 12 21 23 22 Leg 11 | . 28 28 28 28 27 27 27 26 8 . . . Storage 8 | . 14 14 14 14 9 9 9 9 7 7 7 7 Processor 9 | . . . . . 8 20 18 5 6 7 14 11 Hackware 15 | . . . . . . . . 13 23 29 22 17 Protection 7 | . . . . . . 6 9 8 14 6 2 13 Energy Gun 2 | . . . . . 6 7 9 1 3 . . 3 Energy Cannon 2 | . . . . . . . . . . 3 6 3 Ballistic Gun 4 | . 7 14 7 . . 7 9 3 8 1 7 1 Launcher 1 | . 12 14 7 . 5 1 . . . . . 1 Slashing Weapon 2 | . . . . . 2 . . 5 1 5 . 2 Peak Build Rating 47 | 4 6 6 25 5 16 19 18 30 42 47 43 47 Average Rating 30 | 2 5 6 5 5 11 13 17 24 33 43 41 42 On Entrance 16 | . 4 6 6 5 5 13 15 18 21 42 38 35 Avg Prop Armor Cover (%) 6 | . . . . . . . . . . . . 6 Naked Turns . | . . . . . . . . . . . . . Heaviest Build 54 | 10 19 19 23 15 21 24 25 27 33 44 45 54 Greatest Support 60 | 20 20 20 20 20 37 37 37 37 60 60 60 60 Greatest Overweight (x) 7 | . . . 1 . . . . . 5 7 . 2 Average Overweight (x) . | . . . . . . . . . . . . . Largest Inventory Capacity 15 | 8 10 10 10 10 10 10 10 10 10 15 15 15 Average Capacity 12 | 7 9 10 10 10 10 10 10 10 10 14 15 15 Most Carried 15 | 4 3 4 9 7 6 8 9 10 10 15 15 15 Average Carried 10 | . 1 3 5 7 5 6 8 9 9 13 14 14 Final Capacity 15 | 8 10 10 10 10 10 10 10 10 10 15 15 15 Final Carried 15 | . 3 4 7 7 6 8 8 10 10 14 15 13 Class Distribution -------------------- 40% | Mutant 26% | Botlord-Mutant 19% | Bothacker-Mutant 12% | Scavenger-Mutant Dominant Class ---------------- Mutant | -10/Materials Mutant | -10/Mines Mutant | -10/Exiles Mutant | -9/Mines Mutant | -8/Materials Scavenger-Mutant | -8/Garrison Scavenger-Mutant | -8/Materials Bothacker-Mutant | -8/Garrison Bothacker-Mutant | -7/Factory Botlord-Mutant | -7/Garrison Mutant | -7/Factory Botlord-Mutant | -7/Garrison Resources | -11 -10 -10 -10 -9 -8 -8 -8 -8 -7 -7 -7 -7 ----------- Run | Yrd Mat Min Exi Min Mat Gar Mat Gar Fac Gar Fac Gar Matter Collected 2105 | 173 16 118 . . 97 213 . 125 394 378 87 504 Remotely . | . . . . . . . . . . . . . Salvage Created 3296 | . 89 18 . . 143 368 . 184 550 705 174 1065 Parts 217 | . 13 6 . . 8 22 . 16 21 47 18 66 Haulers Intercepted . | . . . . . . . . . . . . . Recyclers Shooed 1 | . . . . . . . . . 1 . . . Parts Field Recycled . | . . . . . . . . . . . . . Retrieved Matter . | . . . . . . . . . . . . . Parts Self-Destructed . | . . . . . . . . . . . . . Prevented . | . . . . . . . . . . . . . Parts Restored . | . . . . . . . . . . . . . Kills | -11 -10 -10 -10 -9 -8 -8 -8 -8 -7 -7 -7 -7 ------- Run | Yrd Mat Min Exi Min Mat Gar Mat Gar Fac Gar Fac Gar Combat Hostiles Destroyed 93 | . 5 3 . . 6 13 . 6 8 19 3 30 Melee 30 | . . . . . 1 2 . 4 3 13 . 7 Guns 27 | . . . . . 1 7 . 2 5 6 1 5 Cannons 6 | . . . . . . . . . . . 2 4 AOE 28 | . 5 3 . . 4 4 . . . . . 12 Classes Destroyed 13 | . 3 . . . 2 1 . 1 1 . 1 4 Worker 1 | . . . . . . . . . . . 1 . Builder 3 | . 1 . . . . . . . . . 2 . Recycler 2 | . . . . . 1 . . . 1 . . . Operator 1 | . . . . . . . . . 1 . . . Watcher 2 | . . . . . 1 . . . 1 . . . Swarmer 41 | . 3 3 . . 6 7 . 3 . 11 . 8 Cutter 3 | . . . . . . . . . . . . 3 Grunt 22 | . 2 . . . . 5 . . 5 2 . 8 Brawler 1 | . . . . . . . . . . . . 1 Sentry 15 | . . . . . . 2 . 1 2 4 1 5 Hunter 1 | . . . . . . . . . . . . 1 Programmer 10 | . . . . . . . . 2 1 2 2 3 Behemoth 1 | . . . . . . . . . . . . 1 Best Kill Streak 6 | . 4 3 . . 6 5 . 2 3 5 2 4 Combat Bots Only 5 | . 3 3 . . 4 5 . 2 3 5 1 4 Max Kills in Single Turn 4 | . 2 3 . . 4 2 . 1 1 1 2 3 Gunslinging 1 | . . . . . . 1 . . . . . . Exploded 4 | . 2 3 . . 4 1 . . . . . 3 Melee 1 | . . . . . 1 1 . 1 1 1 . 1 Uniques/NPCs Destroyed . | . . . . . . . . . . . . . Combat | -11 -10 -10 -10 -9 -8 -8 -8 -8 -7 -7 -7 -7 -------- Run | Yrd Mat Min Exi Min Mat Gar Mat Gar Fac Gar Fac Gar Hostile Shots Fired 975 | . 5 . . . 5 46 1 62 133 266 120 337 Missed 340 | . 2 . . . 3 12 . 21 55 93 51 103 Hits 635 | . 3 . . . 2 34 1 41 78 173 69 234 Melee 2 | . . . . . . . . 2 . . . . Projectile 633 | . 3 . . . 2 34 1 39 78 173 69 234 AOE 3 | . . . . . . . . 1 . . . 2 Critical Strikes 7 | . . . . . . 1 . 1 1 . . 4 Actively Blocked 1 | . . . . . . . . 1 . . . . Part Disruptions 1 | . . . . . . . . . . . . 1 Damage Taken 5421 | . 28 . . . 27 507 6 372 749 1276 434 2022 Core 862 | . 7 . . . . 76 . 76 268 146 76 213 Absorbed by Shields . | . . . . . . . . . . . . . Redirected to Shielding 82 | . . . . . . . . 12 70 . . . Ignored by Resistances 1641 | . 8 . . . 8 143 2 114 227 415 148 576 Core Remaining (%) 89 | 100 . . . 97 . . . 72 . . . . Volleys Fired 140 | . 5 1 . . 5 21 . 17 21 17 12 41 Largest 2 | . 2 2 . . 2 2 . 2 2 2 2 2 Hottest 150 | . 50 50 . . 70 76 . 79 83 108 108 150 Shots Fired 229 | . 8 2 . . 6 35 . 24 34 33 24 63 Gun 149 | . 3 1 . . 5 29 . 18 32 27 12 22 Cannon 45 | . . . . . . . . . . 6 12 27 Launcher 24 | . 5 1 . . 1 6 . . . . . 11 Special 11 | . . . . . . . . 6 2 . . 3 Kinetic 83 | . 3 1 . . . 13 . 15 17 16 12 6 Thermal 49 | . . . . . . 13 . 3 . 6 12 15 Explosive 24 | . 5 1 . . 1 6 . . . . . 11 Electromagnetic 62 | . . . . . 5 3 . . 15 11 . 28 Robot Hit Streak 25 | . 7 8 . . 3 14 . 18 23 25 8 18 Robot Miss Streak 4 | . . 1 . . 2 2 . 2 3 4 2 2 Penetration Max . | . . . . . . . . . . . . . Secondary Targets 4 | . . . . . . 3 . . . 1 . . Max Gunslinging Chain 1 | . . . . . . 1 . . . 1 . . Shots Hit Robots 267 | . 7 1 . . 5 31 . 23 46 57 17 80 Core Hits 209 | . 8 4 . . 6 22 . 8 38 45 25 53 Critical Kills . | . . . . . . . . . . . . . Critical Parts Destroyed . | . . . . . . . . . . . . . Critical Strikes 15 | . . . . . . 3 . 1 4 2 . 5 Burn 5 | . . . . . . 2 . 1 . . . 2 Corrupt 1 | . . . . . . . . . . . . 1 Sever 9 | . . . . . . 1 . . 4 2 . 2 Melee Attacks 171 | . . . . . 2 4 . 16 18 64 . 67 Impact . | . . . . . . . . . . . . . Slashing 163 | . . . . . 2 4 . 16 18 56 . 67 Piercing . | . . . . . . . . . . . . . Sneak Attacks 4 | . . . . . . . . . 2 2 . . Combat Hostiles 2 | . . . . . . . . . 1 1 . . Follow-up Attacks . | . . . . . . . . . . . . . Damage Inflicted 9745 | . 302 107 . . 484 865 . 412 1386 1747 464 3978 Guns 2252 | . 15 7 . . 23 254 . 121 605 533 271 423 Cannons 987 | . . . . . . . . . . 129 193 665 Explosions 2722 | . 287 100 . . 369 420 . . . . . 1546 Melee 3784 | . . . . . 92 191 . 291 781 1085 . 1344 Ramming . | . . . . . . . . . . . . . Kinetic 1358 | . 15 7 . . . 84 . 77 366 377 271 161 Thermal 978 | . . . . . 212 147 . 44 . 129 193 253 Explosive 2510 | . 287 100 . . 157 420 . . . . . 1546 Electromagnetic 1115 | . . . . . 23 23 . . 239 156 . 674 Impact . | . . . . . . . . . . . . . Slashing 3784 | . . . . . 92 191 . 291 781 1085 . 1344 Piercing . | . . . . . . . . . . . . . Highest Corruption 9 | . . . . . . . . . 3 4 4 9 Average Corruption 4 | . . . . . . . . . 2 3 4 6 Corruption Purged . | . . . . . . . . . . . . . Corruption Blocked . | . . . . . . . . . . . . . Effects 94 | . . . . . . . . . 8 34 11 41 Message Errors 28 | . . . . . . . . . 1 8 5 14 Matter Fused 27 | . . . . . . . . . 1 12 2 12 Heat Flow Errors 10 | . . . . . . . . . 1 5 1 3 Energy Discharges 9 | . . . . . . . . . 3 4 . 2 Parts Rejected 1 | . . . . . . . . . . . . 1 Parts Fused 1 | . . . . . . . . . . . 1 . Data Loss (minor) 5 | . . . . . . . . . 1 2 . 2 Data Loss (major) 6 | . . . . . . . . . 1 2 . 3 Misfires 2 | . . . . . . . . . . . . 2 Alerts 4 | . . . . . . . . . . 1 2 1 Weapon Failures 1 | . . . . . . . . . . . . 1 Overload Shots . | . . . . . . . . . . . . . Overflow Damage 286 | . . . . . 38 4 . . 104 99 . 41 Projectiles 29 | . . . . . . . . . . . . 29 Explosions 42 | . . . . . 26 4 . . . . . 12 Melee 215 | . . . . . 12 . . . 104 99 . . Knockbacks . | . . . . . . . . . . . . . Impact . | . . . . . . . . . . . . . Kinetic . | . . . . . . . . . . . . . Secondary . | . . . . . . . . . . . . . Self-Inflicted Damage 315 | . . . . . 13 164 . . . . . 138 Shots 12 | . . . . . 1 6 . . . . . 5 Rammed . | . . . . . . . . . . . . . Targets Rammed . | . . . . . . . . . . . . . Kicked . | . . . . . . . . . . . . . Crushed . | . . . . . . . . . . . . . Highest Temperature 417 | . 19 10 . . . 206 . 54 248 336 142 417 Average Temperature 96 | . 9 7 . . . 81 . 31 51 98 52 124 Received Heat Transfer 1536 | . 9 . . . . 180 . 30 297 300 120 600 Effects 3 | . . . . . . . . . . 1 . 2 Shutdowns 2 | . . . . . . . . . . 1 . 1 Interference 1 | . . . . . . . . . . . . 1 Siege Activations . | . . . . . . . . . . . . . Martial Activations . | . . . . . . . . . . . . . Shielding Activations . | . . . . . . . . . . . . . Robots Disrupted . | . . . . . . . . . . . . . Combat Hostiles . | . . . . . . . . . . . . . Robots Corrupted 2 | . . . . . . . . . . . . 2 Combat Hostiles 2 | . . . . . . . . . . . . 2 Parts Fried 2 | . . . . . . . . . 2 . . . Impact Corruptions . | . . . . . . . . . . . . . Robots Melted . | . . . . . . . . . . . . . Combat Hostiles . | . . . . . . . . . . . . . Parts Melted 8 | . . . . . . 2 . 2 . 2 1 1 Heat Transferred 1744 | . . . . . 100 518 . 86 . 122 350 568 Parts Sabotaged 8 | . . . . . . . . 8 . . . . Parts Stolen . | . . . . . . . . . . . . . Parts Stripped . | . . . . . . . . . . . . . Power Chain Reactions . | . . . . . . . . . . . . . Alert | -11 -10 -10 -10 -9 -8 -8 -8 -8 -7 -7 -7 -7 ------- Run | Yrd Mat Min Exi Min Mat Gar Mat Gar Fac Gar Fac Gar Maximum Alert Level 3 | . . . . . . 1 . 2 . 2 1 3 Low Security (%) 50 | 100 100 100 . 100 100 28 100 35 100 19 74 36 Level 1 23 | . . . . . . 71 . 52 . 19 25 14 Level 2 23 | . . . . . . . . 12 . 61 . 37 Level 3 2 | . . . . . . . . . . . . 12 Level 4 . | . . . . . . . . . . . . . Level 5 . | . . . . . . . . . . . . . High Security . | . . . . . . . . . . . . . Max Security . | . . . . . . . . . . . . . Peak Influence 982 | . 120 109 . . 159 332 139 401 175 617 280 982 Initial 280 | . . 29 . . . 50 139 . 175 47 280 24 Average 250 | . 78 51 . . 64 230 102 228 67 404 128 365 Influence Increases 3511 | . 150 80 . . 249 322 . 456 275 770 151 1058 Destroy 0b10 Robot/C 2080 | . 100 60 . . 160 260 . 220 160 420 60 640 Destroy 0b10 Robot/NC 45 | . 5 . . . 10 . . . 15 . 15 . Destroy Leader 244 | . 20 10 . . 32 20 . 10 52 30 30 40 Allied During Kill 10 | . . . . . 4 . . 1 . . . 5 Trap Triggered on 0b10 10 | . . . . . . . . . . 10 . . Successful Hack 48 | . . . . . . . . 12 . 24 . 12 Disable Machine 18 | . . . . . 18 . . . . . . . Anti-Garrison Action 500 | . . . . . . . . 150 . 200 . 150 Destroy Structure 286 | . 25 10 . . 25 12 . 18 3 56 1 136 Partial Spotted 15 | . . . . . . 15 . . . . . . Lose Combat Pursuer 255 | . . . . . . 15 . 45 45 30 45 75 Influence Decreases 2589 | . 60 170 . . 160 79 332 70 583 231 727 177 Entered New Map 889 | . . 61 . . . 39 193 . 211 31 337 17 Time Decay 991 | . 60 109 . . 120 . 20 . 332 . 350 . Lost Part 330 | . . . . . . 40 . 10 40 80 20 140 Lost Ally 260 | . . . . . 40 . . 60 . 120 20 20 Purge Threat 119 | . . . . . . . 119 . . . . . Squads Dispatched 11 | . . . . . . . . . 6 . 5 . Investigation . | . . . . . . . . . . . . . Extermination 3 | . . . . . . . . . 2 . 1 . Reinforcement 5 | . . . . . . . . . 4 . 1 . Assault . | . . . . . . . . . . . . . Garrison 3 | . . . . . . . . . . . 3 . Intercept . | . . . . . . . . . . . . . Searches Triggered . | . . . . . . . . . . . . . Construction Impeded 1 | . . . . . . . . . . . 1 . Haulers Reinforced 1 | . . . . . . . . . 1 . . . Active Scanning Responses . | . . . . . . . . . . . . . Cargo Convoy Interrupts . | . . . . . . . . . . . . . Stealth | -11 -10 -10 -10 -9 -8 -8 -8 -8 -7 -7 -7 -7 --------- Run | Yrd Mat Min Exi Min Mat Gar Mat Gar Fac Gar Fac Gar Distress Signals 2 | . 2 . . . . . . . . . . . Communications Jammed . | . . . . . . . . . . . . . Distress Signals . | . . . . . . . . . . . . . Times Spotted 148 | . 8 . . . 8 16 3 22 17 30 8 36 Peak Tracking Total 10 | . 4 . . . 3 5 3 10 4 7 4 6 Tactical Retreats 12 | . . . . . . 1 . 2 2 2 3 2 ECM-based Alert Blocks 4 | . . . . . . . . . . . 4 . Traps | -11 -10 -10 -10 -9 -8 -8 -8 -8 -7 -7 -7 -7 ------- Run | Yrd Mat Min Exi Min Mat Gar Mat Gar Fac Gar Fac Gar Traps Triggered 16 | . . . . . . 2 . 4 2 2 . 6 Indirectly . | . . . . . . . . . . . . . Trap Hack Attempts 6 | . . . . . . . . . . 6 . . Triggered . | . . . . . . . . . . . . . Disarmed 6 | . . . . . . . . . . . 6 . Reprogrammed 1 | . . . . . . . . . . 1 . . Reused 1 | . . . . . . . . . . 1 . . Traps Extracted . | . . . . . . . . . . . . . Installed . | . . . . . . . . . . . . . Triggered 1 | . . . . . . . . . . 1 . . Machines | -11 -10 -10 -10 -9 -8 -8 -8 -8 -7 -7 -7 -7 ---------- Run | Yrd Mat Min Exi Min Mat Gar Mat Gar Fac Gar Fac Gar Machines Disabled 8 | . . . . . 2 . . 3 . 2 . 1 Max in Single Turn 2 | . . . . . 2 . . 1 . 1 . 1 Garrison Relay 6 | . . . . . . . . 3 . 2 . 1 Machines Repaired . | . . . . . . . . . . . . . Machines Dismantled . | . . . . . . . . . . . . . Machines Sabotaged . | . . . . . . . . . . . . . Overloaded Fab Kills . | . . . . . . . . . . . . . Hacking | -11 -10 -10 -10 -9 -8 -8 -8 -8 -7 -7 -7 -7 --------- Run | Yrd Mat Min Exi Min Mat Gar Mat Gar Fac Gar Fac Gar Machines Accessed 18 | . 2 . . 1 2 . 2 2 2 2 3 2 Terminals 11 | . 2 . . 1 . . 1 2 . 2 1 2 Fabricators 2 | . . . . . . . . . 1 . 1 . Repair Stations . | . . . . . . . . . . . . . Recycling Units . | . . . . . . . . . . . . . Scanalyzers 1 | . . . . . 1 . . . . . . . Garrison Access 4 | . . . . . 1 . 1 . 1 . 1 . Total Hacks 35 | . 2 . . 2 5 . 2 5 3 5 4 7 Successful 16 | . 2 . . . 4 . 2 1 1 2 3 1 Failed 19 | . . . . 2 1 . . 4 2 3 1 6 Catastrophic 2 | . . . . . . . . . 2 . . . Database Lockouts . | . . . . . . . . . . . . . Manual 1 | . . . 1 . . . . . . . . . Terminals 24 | . 2 . . 2 . . 1 5 . 5 2 7 Fabricators 3 | . . . . . . . . . 2 . 1 . Repair Stations . | . . . . . . . . . . . . . Recycling Units . | . . . . . . . . . . . . . Scanalyzers 3 | . . . . . 3 . . . . . . . Garrison Access 5 | . . . . . 2 . 1 . 1 . 1 . Terminal Hacks 8 | . 2 . . . . . 1 1 . 2 1 1 Emergency Access Points 2 | . . . . . . . . 1 . 1 . . Unreport Threat 1 | . . . . . . . 1 . . . . . Locate Traps 1 | . 1 . . . . . . . . . . . Disarm Traps 1 | . . . . . . . . . . . 1 . Registered Components 1 | . 1 . . . . . . . . . . . Patrol Navigation 2 | . . . . . . . . . . 1 . 1 Fabricator Hacks 1 | . . . . . . . . . . . 1 . Build 1 | . . . . . . . . . . . 1 . Repair Station Hacks . | . . . . . . . . . . . . . Recycling Unit Hacks . | . . . . . . . . . . . . . Scanalyzer 3 | . . . . . 3 . . . . . . . Insert Component 2 | . . . . . 2 . . . . . . . Analyze 1 | . . . . . 1 . . . . . . . Garrison Access Hacks 4 | . . . . . 1 . 1 . 1 . 1 . Unlock Access 4 | . . . . . 1 . 1 . 1 . 1 . Unauthorized Hacks . | . . . . . . . . . . . . . Terminals . | . . . . . . . . . . . . . Fabricators . | . . . . . . . . . . . . . Repair Stations . | . . . . . . . . . . . . . Recycling Units . | . . . . . . . . . . . . . Scanalyzers . | . . . . . . . . . . . . . Garrison Access . | . . . . . . . . . . . . . Data Cores Recovered . | . . . . . . . . . . . . . Used . | . . . . . . . . . . . . . Hacking Detections 11 | . . . . 1 1 . 1 2 1 2 2 1 Full Trace Events 1 | . . . . 1 . . . . . . . . Feedback Events . | . . . . . . . . . . . . . Feedback Blocked . | . . . . . . . . . . . . . Robot Schematics Acquired . | . . . . . . . . . . . . . Robots Built 3 | . . . . . . . . . . . 3 . Authchips 1 | . . . . . . . . . . . 1 . Time 33 | . . . . . . . . . . . 33 . Total Robot Build Rating 6 | . . . . . . . . . . . 6 . Part Schematics Acquired 1 | . . . . . 1 . . . . . . . Parts Built . | . . . . . . . . . . . . . Authchips . | . . . . . . . . . . . . . Time . | . . . . . . . . . . . . . Total Part Build Rating . | . . . . . . . . . . . . . Part Studies Acquired . | . . . . . . . . . . . . . Parts Repaired . | . . . . . . . . . . . . . Time . | . . . . . . . . . . . . . Parts Recycled . | . . . . . . . . . . . . . Recycled Matter . | . . . . . . . . . . . . . Retrieved Matter . | . . . . . . . . . . . . . Retrieved Components . | . . . . . . . . . . . . . Parts Scanalyzed 1 | . . . . . 1 . . . . . . . Part Schematics Acquired 1 | . . . . . 1 . . . . . . . Parts Damaged . | . . . . . . . . . . . . . Bothacking | -11 -10 -10 -10 -9 -8 -8 -8 -8 -7 -7 -7 -7 ------------ Run | Yrd Mat Min Exi Min Mat Gar Mat Gar Fac Gar Fac Gar Used RIF Installer 4 | . . . . . . 1 . 2 . 1 . . Coupler Efficiency 1 | . . . . . . . . . . 1 . . Patrol Navigation 1 | . . . . . . . . 1 . . . . Program Shield 1 | . . . . . . . . 1 . . . . Robots Hacked 15 | . . . . . . . . 5 1 6 . 3 Non-combat . | . . . . . . . . . . . . . Combat 15 | . . . . . . . . 5 1 6 . 3 Robot Hacks Applied 17 | . . . . . . . . 6 2 6 . 3 find_garrison 1 | . . . . . . . . . 1 . . . spike_heat 1 | . . . . . . . . 1 . . . . wipe_record 1 | . . . . . . . . . 1 . . . overwrite_iff 6 | . . . . . . . . 3 . 1 . 2 streamctrl_high 1 | . . . . . . . . 1 . . . . formatsys_high 7 | . . . . . . . . 1 . 5 . 1 Relay Couplers Released 29 | . . . . . . . . 11 . 13 . 5 Machine Destruction 25 | . . . . . . . . 11 . 9 . 5 Programmers 4 | . . . . . . . . . . 4 . . Attached 7 | . . . . . . . . 4 . 2 . 1 Fabnet Peak Effective % . | . . . . . . . . . . . . . Robots Rewired . | . . . . . . . . . . . . . Allies Hacked . | . . . . . . . . . . . . . Hacks Repelled . | . . . . . . . . . . . . . Allies | -11 -10 -10 -10 -9 -8 -8 -8 -8 -7 -7 -7 -7 -------- Run | Yrd Mat Min Exi Min Mat Gar Mat Gar Fac Gar Fac Gar Total Allies 19 | . . 3 . . . . . 4 . 6 3 3 Largest Group 3 | . . 3 3 3 3 1 . 2 . 2 3 2 Highest-Rated Group 40 | . . 40 40 40 40 15 . 10 . 32 30 32 Highest-Rated Ally 29 | . . 16 16 16 16 15 . 5 . 29 10 16 Total Orders . | . . . . . . . . . . . . . Ally Attacks 85 | . . . . . 19 5 . 22 . 28 1 10 Total Damage 772 | . . . . . 172 33 . 145 . 289 . 133 Kills 11 | . . . . . 2 . . 5 . 2 . 2 Allies Corrupted . | . . . . . . . . . . . . . Allies Melted . | . . . . . . . . . . . . . Intel | -11 -10 -10 -10 -9 -8 -8 -8 -8 -7 -7 -7 -7 ------- Run | Yrd Mat Min Exi Min Mat Gar Mat Gar Fac Gar Fac Gar Active Infowar (turns) 24 | . . . . . . . . . . . 24 . ECM 24 | . . . . . . . . . . . 24 . Robot Analysis Total . | . . . . . . . . . . . . . Derelict Logs Recovered 2 | . . 1 . 1 . . . . . . . . Drone Launches . | . . . . . . . . . . . . . Drone Recoveries . | . . . . . . . . . . . . . Exploration | -11 -10 -10 -10 -9 -8 -8 -8 -8 -7 -7 -7 -7 ------------- Run | Yrd Mat Min Exi Min Mat Gar Mat Gar Fac Gar Fac Gar Turns Passed 7473 | 35 153 250 487 54 356 847 57 584 769 1680 710 1491 Spaces Moved 3963 | 31 110 198 394 25 262 583 44 378 440 603 385 510 Core 20 | 13 . . . . . . . . 6 1 . . Treads 1713 | . . . . . . . . . 216 602 385 510 Legs 2230 | 18 110 198 394 25 262 583 44 378 218 . . . Wheels . | . . . . . . . . . . . . . Hover . | . . . . . . . . . . . . . Flight . | . . . . . . . . . . . . . Fastest Speed 50 | 50 120 120 120 120 120 123 123 120 120 160 160 160 Average Speed 139 | 90 120 120 120 120 121 123 123 120 142 161 160 168 Slowest Speed 400 | 120 120 120 190 120 123 123 123 123 300 400 160 320 Overloaded Moves . | . . . . . . . . . . . . . Propulsion Burnouts . | . . . . . . . . . . . . . Robots Hopped . | . . . . . . . . . . . . . Potential Cave-ins 43 | . . . . . . . . . . 16 . 27 Cave-ins Triggered 1 | . . . . . . . . . . . . 1 Exploration Rate (%) 34 | 4 25 53 65 13 28 58 8 47 16 71 11 54 Regions Visited 12 Branch Regions 3 Pre-discovered Areas 1 | . . . . 1 . . . . . . . . Known Exits Taken 4 | . . . . . 1 . 1 . 1 . 1 . Unknown Exits Taken 5 | 1 1 1 1 1 . . . . . . . . Scrap Searched 2 | . . 2 . . . . . . . . . . Spaces Dug 59 | . . . . . . . . 3 3 21 . 32 Terrain Destroyed 245 | . 25 10 . . 28 16 . 3 3 21 . 139 Melee 59 | . . . . . . . . 3 3 21 . 32 Projectile . | . . . . . . . . . . . . . AOE 186 | . 25 10 . . 28 16 . . . . . 107 Terrain Rammed . | . . . . . . . . . . . . . Walls Destroyed . | . . . . . . . . . . . . . Machines Disabled . | . . . . . . . . . . . . . Actions | -11 -10 -10 -10 -9 -8 -8 -8 -8 -7 -7 -7 -7 --------- Run | Yrd Mat Min Exi Min Mat Gar Mat Gar Fac Gar Fac Gar Total 5509 | 38 124 208 407 49 291 675 46 466 528 1213 455 1009 Wait 964 | . 1 9 4 25 . 43 . 7 23 473 45 334 Move 3954 | 30 109 197 393 24 262 581 44 377 440 602 385 510 Hop . | . . . . . . . . . . . . . Pick Up 83 | 4 5 1 3 . 8 7 1 14 6 17 4 13 Fast Attach 13 | . . . . . . . . 3 5 1 3 1 Attach 60 | 4 3 . 2 . 7 4 1 8 5 9 2 15 Detach 7 | . 1 . 2 . . . . . 1 1 . 2 Swap 61 | . . . 1 . 4 4 . 12 7 17 . 16 Drop 31 | . . . 2 . 3 1 . 7 2 6 4 6 Fire 140 | . 5 1 . . 5 21 . 17 21 17 12 41 Melee 171 | . . . . . 2 4 . 16 18 64 . 67 Ram . | . . . . . . . . . . . . . Kick . | . . . . . . . . . . . . . Crush . | . . . . . . . . . . . . . Escape Stasis 19 | . . . . . . 10 . 5 . . . 4 Rewire . | . . . . . . . . . . . . . Trap 6 | . . . . . . . . . . 6 . . Miscellaneous . | . . . . . . . . . . . . . Route ------- -11/Scrapyard -10/Materials -10/Mines (discovered 2 exits: [*Mat] / *Exi) -10/Exiles (discovered 2 exits: *Min x2) -9/Mines -8/Materials -8/Garrison (discovered 2 exits: *Mat x2) -8/Materials -8/Garrison -7/Factory (discovered 2 exits: [*Fac] / Gar) -7/Garrison (discovered 2 exits: *Fac x2) -7/Factory (discovered 2 exits: [*Fac] / Gar) -7/Garrison (discovered 2 exits: [*Fac x2]) History --------- Turn | Location | Event 2 | -11/Scrapyard | Met Revision 17 4 | -11/Scrapyard | Discovered new exit (range 15) 36 | -11/Scrapyard | Entered Materials 140 | -10/Materials | Discovered new exit (range 13) 189 | -10/Materials | Entered Mines 200 | -10/Mines | Met a Derelict bent on vengeance 228 | -10/Mines | Learned Materials emergency access door positions 296 | -10/Mines | Assisted by bots powering up and referring to "LRC-V3" 300 | -10/Mines | Build established: Mutant 376 | -10/Mines | Discovered new exit (range 16) 422 | -10/Mines | Deemed a non-threat by the Exiles lab entrance 422 | -10/Mines | Discovered new exit (range 5) 439 | -10/Mines | Entered Exiles 439 | -10/Exiles | Accompanied by 3 allies 456 | -10/Exiles | Discovered new exit (range 15) 472 | -10/Exiles | Met 8R-AWN 493 | -10/Exiles | Met EX-HEX 531 | -10/Exiles | Met EX-BIN 663 | -10/Exiles | Aligned with FarCom system 664 | -10/Exiles | Given EX-Vault access code 693 | -10/Exiles | Opened EX-Vault 696 | -10/Exiles | Found Prototype Slashing Weapon 697 | -10/Exiles | Identified Longsword +1 701 | -10/Exiles | Found Prototype Energy Cannon 703 | -10/Exiles | Identified YOLO Cannon 708 | -10/Exiles | Found Prototype Energy Gun 709 | -10/Exiles | Identified AWS/Thermal 740 | -10/Exiles | Warned to stay clear of 0b10 Research branches 774 | -10/Exiles | Met EX-DEC 828 | -10/Exiles | Discovered new exit (range 14) 926 | -10/Exiles | Left Exiles lab with Longsword +1 926 | -10/Exiles | Entered Mines 926 | -9/Mines | Accompanied by 3 allies 929 | -9/Mines | Learned location of Storage (-8) 943 | -9/Mines | Discovered new exit (range 8) 980 | -9/Mines | Entered Materials 980 | -8/Materials | Accompanied by 3 allies 980 | -8/Materials | Evolved 4 slots: Propulsion x1, Utility x3 1336 | -8/Materials | Identified exit to Garrison 1336 | -8/Materials | Entered Garrison 1336 | -8/Garrison | Accompanied by 1 ally 1466 | -8/Garrison | Triggered checkpoint 1560 | -8/Garrison | Triggered checkpoint 1676 | -8/Garrison | Triggered checkpoint 1707 | -8/Garrison | Discovered new exit (range 10) 1728 | -8/Garrison | Triggered checkpoint 1858 | -8/Garrison | Build established: Scavenger-Mutant 1890 | -8/Garrison | Triggered checkpoint 1962 | -8/Garrison | Discovered new exit (range 15) 1974 | -8/Garrison | Installed Relay Interface Framework 2183 | -8/Garrison | Entered Materials 2240 | -8/Materials | Identified exit to Garrison 2240 | -8/Materials | Entered Garrison 2282 | -8/Garrison | Expanded RIF knowledge: Program Shield 2396 | -8/Garrison | Triggered checkpoint 2413 | -8/Garrison | Garrison Relay disabled 2436 | -8/Garrison | Triggered checkpoint 2506 | -8/Garrison | Garrison Relay disabled 2612 | -8/Garrison | Triggered checkpoint 2661 | -8/Garrison | Discovered new exit (range 12) 2671 | -8/Garrison | Expanded RIF knowledge: Patrol Navigation 2706 | -8/Garrison | Triggered checkpoint 2716 | -8/Garrison | Garrison Relay disabled 2800 | -8/Garrison | Build established: Bothacker-Mutant 2824 | -8/Garrison | Entered Factory 2824 | -7/Factory | Evolved 2 slots: Utility x2 3032 | -7/Factory | Discovered new exit (range 3) 3138 | -7/Factory | Lost 6 parts (3n3w) 3593 | -7/Factory | Identified exit to Garrison 3593 | -7/Factory | Entered Garrison 3607 | -7/Garrison | Triggered checkpoint 3805 | -7/Garrison | Triggered checkpoint 3894 | -7/Garrison | Expanded RIF knowledge: Coupler Efficiency 3959 | -7/Garrison | Triggered checkpoint 3984 | -7/Garrison | Garrison Relay disabled 4175 | -7/Garrison | Discovered new exit (range 10) 4176 | -7/Garrison | Build established: Botlord-Mutant 4816 | -7/Garrison | Discovered new exit (range 10) 4917 | -7/Garrison | Triggered checkpoint 5067 | -7/Garrison | Core integrity fell below 50% 5104 | -7/Garrison | Lost 6 parts (1p2n1u2w) 5273 | -7/Garrison | Entered Factory 5359 | -7/Factory | Discovered new exit (range 4) 5375 | -7/Factory | Build established: Mutant 5512 | -7/Factory | Fabricated B-36 Bruiser (x3) 5781 | -7/Factory | Garrison activated, responded to threat 5859 | -7/Factory | Garrison activated, responded to threat 5983 | -7/Factory | Identified exit to Garrison 5983 | -7/Factory | Entered Garrison 6581 | -7/Garrison | Triggered checkpoint 6618 | -7/Garrison | Build established: Bothacker-Mutant 6629 | -7/Garrison | Garrison Relay disabled 6667 | -7/Garrison | Discovered new exit (range 10) 6892 | -7/Garrison | Crushed by falling debris 6897 | -7/Garrison | Triggered checkpoint 6936 | -7/Garrison | Build established: Botlord-Mutant 6975 | -7/Garrison | Discovered new exit (range 9) 7055 | -7/Garrison | Core integrity fell below 20% 7237 | -7/Garrison | Triggered checkpoint 7295 | -7/Garrison | Triggered checkpoint 7339 | -7/Garrison | Triggered checkpoint 7383 | -7/Garrison | Triggered checkpoint 7435 | -7/Garrison | Spotted B-75 Beast 7465 | -7/Garrison | Destroyed B-75 Beast 7474 | -7/Garrison | Destroyed by Y-54 Guardian with Flak Gun Last Messages --------------- Triggered Alarm Trap. An alarm sounds. System corrupted: Heat flow error (+272). G-47 Trooper destroyed. Destroyed Lgt. Nuclear Core. G-47 Trooper destroyed. The unstable cave ceiling collapses. G-47 Trooper destroyed. The unstable cave ceiling collapses. Lgt. Nuclear Core destroyed. The unstable cave ceiling collapses. Lyr. Light Armor Plating destroyed. B-75 Beast destroyed. Lgt. Treads destroyed. Relay Coupler [Swarmer] destroyed. Proton Cannon destroyed. System corrupted: Longsword +1 rejected. The unstable cave ceiling collapses. Relay Coupler [Grunt] destroyed. Lgt. Treads destroyed. Map ----- +----------------------------------------------------+ | ?# #???????# ######################????????????? | | ?# #???????# #?????????????????????????????????? | | ?# #???????# #?????????????????????????????????? | | ?# ???????# #?????????????????????????????????? | | ?# #??????## #?????????????????????????????????? | | ?? ????##+## #?????????????????????????????????? | | ?? ??? ## #?????????????????????????????????? | | ###### ## #?????????????????????????????????? | | # #?????????????????????????????????? | | #?????????????????????????????????? | | ^^#?????????????????????????????????? | | #*/ # #^^^#?????????????????????????????????? | | #%= # # #?????????????????????????????????? | | ! ?????????????????????????????????? | | % ?????????????????????????????????? | | ** ?????????????????????????????????? | | = ????#????????????????????????????? | | # ## ## #???%#????????????????????????????? | | # ## ## ####+########?????????????????????? | | % ! [ #?????????????????????? | | #?????????????????????? | | # = ########## #?????????????????????? | | ## ## [%=######????????# #?????????????????????? | | ?# ## =%=#?????????????# %#?????????????????????? | | ?# #######?????????????# ###???????????????????? | | # #???????????????????#@ #???????????????????? | | ## #?????b????????????%Y% #????????????????? | | ##????????????????# # #????????????????? | | #= ## #????????????# Y #??????????????????? | | %=%= #????????????# #??????????????????? | | */=%#???????????????? #??????????????????? | | ]##??????????????? ## ??????????????????? | | ###??????????????# # # ?????????????????? | | ###????????????????#?# ????????????????? | | ?????????????????????# # ####???????????????? | | ?????????????????????### #??????????????????? | | ??????????????????????? #??????????????????? | | ??????????????????????? = ??????????????????? | | ???????????????????????# ###??????????????????? | | ????????????????????????# ##????????????????????? | | ????????????????????????? ??????????????????????? | | ?????????????????????????##??????????????????????? | | ?????????????????????????????????????????????????? | | ?????????????????????????????????????????????????? | | ?????????????????????????????????????????????????? | | ?????????????????????????????????????????????????? | | ?????????????????????????????????????????????????? | | ?????????????????????????????????????????????????? | | ?????????????????????????????????????????????????? | | ?????????????????????????????????????????????????? | +----------------------------------------------------+ Best States ------------- Heat Dissipation 48 Energy Generation 16 Energy Capacity 290 Matter Stores 300 Matter Capacity 300 Sight Range 16 Terrain Scan Density 10 ECM Strength 2 Armor Coverage 300 Resistance: KI 20 Resistance: TH 20 Resistance: EX 20 Resistance: EM 20 Resistance: I 20 Resistance: S 20 Resistance: P 20 Propulsion Shielding 33 Utility Shielding 66 Evasion (%) 63 Targeting Accuracy 15 Melee Accuracy 6 Core Analysis 6 Recoil Reduction 3 Offensive Hacking 10 Relay Coupler Types 4 Relay Coupler Value 110 Authchip Count 1 Item Schematics ----------------- Grenade Launcher | -8/Materials | Scanalyzed Robot Schematics ------------------ None Fabricated ------------ B-36 Bruiser | x3 | -7/Factory | Preloaded, Authchip Repaired ---------- Nothing Studied --------- None Alien Tech Used ----------------- None Achievements -------------- Official Business Sixth Sense That Tickles This Is My Hole You Again Challenges ------------ None Game ------ Seed ZioniteAlphaCycler Manual? 0 Play Time 01:13:05 Cumulative 49.5 hours Start 2026.02.13 @ 15:00:32 End 2026.02.14 @ 14:07:33 Sessions 3 Manual Loads 0 Difficulty Adventurer Special Mode None Game No. 42 Rogue 0 Adventurer 42 Explorer 0 Win Type - Total 0 Types 0/0/0/0/0/0/0/0/0/0 Lore% 10 Gallery% 31 Achievement% 22 Wizard Run 0 Options --------- Layout 1 ASCII 0 Keyboard 0 Movement Mouse Keybinds 0 Fullscreen 1 Font 24/Smallcaps Map View 50x35 Zoom Use 3% Tactical HUD 0 Map Filters NONE Filters NONE Steam 1 RUN: ecb85e8f-c64b-4747-999e-b62d6a82bc84